Cogmind - Beta 15 @@@ ROGUE MODE // 2025.09.24 @ 19:14:43 Player: Reflectatory Result: Destroyed by S-43 Plague with Heavy Machine Gun Performance ------------- Evolutions (9) 4500 Regions Visited (19) 3800 Robots Destroyed (47) 235 Value Destroyed (1321) 1321 Prototype IDs (24) 480 Alien Tech Used (2) 400 Bonus (1017) 1017 TOTAL SCORE: 11753 Bonus ------- High Alert Combat Kills 32 Follower Combat Kills 805 Met Zhirov 300 Friendly Fire -120 Cogmind --------- Core Integrity 0/1600 Matter 98/300 Energy 99/100 System Corruption 3% Temperature Cool (0) Movement Core (50) Location -1/Command Parts ------- > --- POWER (2) -------- (None) > --- PROPULSION (11) -- (None) > --- UTILITY (10) ----- Advanced Hacking Suite Improved System Shield > --- WEAPON (2) ------- (None) > --- INVENTORY (5) ---- Fusion Reactor Enhanced Quantum Rifle Enhanced Hardcell Cannon Lance Peak State ------------ > --- POWER ------------ Light Particle Reactor Light Quantum Reactor > --- PROPULSION ------- Cooled Nuclear Pulse Thruster Cooled Nuclear Pulse Thruster Cooled Nuclear Pulse Thruster Cooled Nuclear Pulse Thruster Electron Diverter Impulse Thruster Array Improved Q-thruster Improved Q-thruster Cooled Q-thruster Cooled Q-thruster > --- UTILITY ---------- Experimental Power Amplifier Makeshift Terrain Scan Processor Advanced Terrain Scan Processor 0b10 Decoder Chip [Generic] Improved Reaction Control System Graphene Brace Hacking Suite Advanced Hacking Suite Improved System Shield > --- WEAPON ----------- Improved KE Penetrator Enhanced Hardcell Cannon > --- INVENTORY -------- Fusion Reactor Cooled Nuclear Pulse Thruster Impulse Thruster Array Enhanced Quantum Rifle [Rating: 177] Favorites ----------- Power Light Angular Momentum Engine Engine Light Angular Momentum Engine Power Core Light Nuclear Core Reactor Antimatter Reactor Propulsion Flexi-carbon Leg Treads Advanced Medium Treads Leg Flexi-carbon Leg Wheel Centrium Wheel Hover Unit Makeshift Hover Unit Flight Unit VTOL Module Utility 0b10 Decoder Chip [Generic] Device Improved Reaction Control System Storage Compact Battery Processor 0b10 Decoder Chip [Generic] Hackware Advanced Hacking Suite Protection Layered Light Armor Plating Weapon Plasma Rifle Energy Gun Plasma Rifle Ballistic Gun Gauss Rifle Ballistic Cannon Compact Mass Driver Launcher Grenade Launcher Special Weapon Mining Laser Impact Weapon Power Maul Slashing Weapon Power Sword Build | -11 -10 -10 -9 -8 -7 -6 -6 -5 -5 -5 -4 -4 -4 -4 -3 -3 -2 -1 -1 ------- Run | Yrd Mat Min Mat Mat Fac Fac Ext Fac Upp Upp Fac Upp Upp Zhi Pro Res Res Acc Com Slots Evolved 18 | . . . 2 2 2 2 . 2 . . 2 . . . . 2 2 2 . Power 1 | . . . . 1 . . . . . . . . . . . . . . . Propulsion 9 | . . . 2 . 2 . . 1 . . . . . . . 1 1 2 . Utility 8 | . . . . 1 . 2 . 1 . . 2 . . . . 1 1 . . Weapon . | . . . . . . . . . . . . . . . . . . . . Parts Attached 127 | 5 1 1 4 1 10 9 17 5 5 . 6 9 11 4 1 14 10 3 11 Power 12 | 1 . . . . 1 1 2 1 . . . 1 2 . . 1 1 1 . Engine 5 | 1 . . . . 1 . 2 . . . . . 1 . . . . . . Core 3 | . . . . . . 1 . 1 . . . 1 . . . . . . . Reactor 4 | . . . . . . . . . . . . . 1 . . 1 1 1 . Propulsion 52 | 2 . . 4 . 7 1 8 1 2 . 4 3 4 3 . 4 6 1 2 Treads 2 | . . . . . . 1 . . . . 1 . . . . . . . . Leg 20 | 2 . . 4 . 5 . 8 . . . . . 1 . . . . . . Wheel 3 | . . . . . . . . . . . 2 . 1 . . . . . . Hover 1 | . . . . . . . . . . . . . 1 . . . . . . Flight 26 | . . . . . 2 . . 1 2 . 1 3 1 3 . 4 6 1 2 Utility 42 | . . 1 . . . 6 5 2 3 . 2 3 4 1 1 6 2 . 6 Device 22 | . . 1 . . . 1 2 1 . . 2 2 2 1 . 4 2 . 4 Storage 1 | . . . . . . . . . 1 . . . . . . . . . . Processor 10 | . . . . . . 3 . 1 2 . . 1 2 . 1 . . . . Hackware 5 | . . . . . . 2 . . . . . . . . . 1 . . 2 Protection 4 | . . . . . . . 3 . . . . . . . . 1 . . . Artifact . | . . . . . . . . . . . . . . . . . . . . Weapon 21 | 2 1 . . 1 2 1 2 1 . . . 2 1 . . 3 1 1 3 Energy Gun 4 | 1 . . . . . . 2 . . . . 1 . . . . . . . Energy Cannon . | . . . . . . . . . . . . . . . . . . . . Ballistic Gun 6 | 1 . . . . . 1 . 1 . . . 1 1 . . . . 1 . Ballistic Cannon 3 | . . . . . . . . . . . . . . . . 2 . . 1 Launcher 3 | . 1 . . . . . . . . . . . . . . . 1 . 1 Special Weapon 1 | . . . . . 1 . . . . . . . . . . . . . . Impact Weapon 2 | . . . . . 1 . . . . . . . . . . . . . 1 Slashing Weapon 2 | . . . . 1 . . . . . . . . . . . 1 . . . Piercing Weapon . | . . . . . . . . . . . . . . . . . . . . Special Melee Weapon . | . . . . . . . . . . . . . . . . . . . . Unidentified Prototypes 15 | . . 1 . . . . . . . . . . . 4 . 4 2 2 2 Corrupted Parts 1 | . . . . . . . 1 . . . . . . . . . . . . System Corruption 9 | . . . . . . . 9 . . . . . . . . . . . . Parts Lost 87 | . . . 2 6 7 11 . 4 2 . 16 3 . . 7 4 3 2 20 Power 8 | . . . . 1 . 1 . 1 1 . 1 . . . . 1 . . 2 Propulsion 41 | . . . 1 4 5 4 . 2 . . 7 2 . . 4 1 . . 11 Utility 24 | . . . . . . 5 . . 1 . 6 . . . 2 2 2 1 5 Weapon 14 | . . . 1 1 2 1 . 1 . . 2 1 . . 1 . 1 1 2 Highest Loss Streak 18 | . . . 2 3 5 5 . 2 2 . 16 3 . . 4 4 2 2 18 To Critical Strikes . | . . . . . . . . . . . . . . . . . . . . Average Backups 3 | . 1 1 2 4 2 4 2 4 2 2 2 1 3 4 4 4 4 2 4 Power . | . 1 1 1 1 . 1 1 1 . . . . . . 1 1 1 . 1 Propulsion . | . . . . 2 . . . 1 . . . . . 2 2 . 1 1 1 Utility . | . . . . . 1 2 . . . . . . . . 1 1 . . . Weapon 1 | . . . 1 1 . . 1 2 2 2 2 1 1 1 . 1 1 . 1 Tool/Special . | . . . . . . . . . . . . . . . . . . . . Unused Backups 11 | . . . . . . . . 1 . . . . . 2 . 2 4 . 2 Power . | . . . . . . . . . . . . . . . . . . . . Propulsion 1 | . . . . . . . . . . . . . . . . 1 . . . Utility 1 | . . . . . . . . . . . . . . . . 1 . . . Weapon 9 | . . . . . . . . 1 . . . . . 2 . . 4 . 2 Tool/Special . | . . . . . . . . . . . . . . . . . . . . Average Slot Usage (%) 68 | . 71 76 65 40 37 34 51 93 92 94 73 40 82 98 88 70 73 81 82 Engine 4 | . 14 14 11 2 2 . 4 7 5 5 3 . 3 5 2 1 . . . Reactor 1 | . . . . . . . . . . . . . 3 5 3 2 4 8 6 Leg 14 | . 28 28 25 27 19 13 19 33 23 23 15 . . . . . . . . Wheel 1 | . . . . . . . . . . . . 10 13 15 3 . . . . Flight 12 | . . . . . 5 . . 3 16 17 12 9 15 21 30 23 31 39 38 Device 6 | . . 5 9 . . . 5 5 5 5 7 1 9 14 6 6 12 12 12 Processor 9 | . . . . . . 5 6 9 11 11 10 12 20 26 29 21 13 12 9 Hackware 1 | . . . . . . 2 . . . . . . . . . 4 4 4 9 Protection 3 | . . . . . . . 7 17 12 11 7 . . . . 1 . . . Energy Gun 2 | . 7 . . . . . 6 6 5 5 3 2 5 5 5 1 . . . Ballistic Gun 3 | . 14 14 11 3 . 2 . 3 5 5 3 . 3 5 4 . . 2 2 Launcher 1 | . 6 14 9 . . . . . . . . . . . . . 1 4 1 Peak Build Rating 177 | 5 5 19 19 15 21 30 66 75 67 66 77 56 101 111 109 114 137 166 177 Average Rating 58 | 3 5 10 17 10 11 21 31 70 64 66 61 44 79 100 92 98 118 163 158 On Entrance 55 | . 5 5 19 12 1 16 4 66 63 66 66 45 56 96 109 75 111 137 153 Naked Turns . | . . . . . . . . . . . . . . . . . . . . Heaviest Build 63 | 8 10 24 24 9 8 16 34 36 35 27 34 13 42 42 42 46 38 54 63 Greatest Support 120 | 20 20 20 55 60 81 51 120 120 85 85 85 16 48 48 50 64 81 95 98 Greatest Overweight (x) 4 | 1 . 1 1 . . 4 . . . . . . . . 1 1 . . 1 Average Overweight (x) . | . . . . . . . . . . . . . . . . . . . . Largest Inventory Capacity 5 | 5 5 5 5 5 5 5 5 5 5 5 5 5 5 5 5 5 5 5 5 Average Capacity 5 | 5 5 5 5 5 5 5 5 5 5 5 5 5 5 5 5 5 5 5 5 Most Carried 5 | 1 1 2 5 5 5 5 5 5 5 2 3 2 5 5 5 5 5 3 5 Average Carried 3 | . 1 1 2 4 1 4 2 4 2 2 2 1 3 4 4 4 4 1 4 Final Capacity 5 | 5 5 5 5 5 5 5 5 5 5 5 5 5 5 5 5 5 5 5 5 Final Carried 5 | 1 1 2 4 5 5 2 5 5 2 2 2 2 5 5 5 5 4 2 4 Class Distribution -------------------- 39% | Mutant 27% | Scavenger-Mutant 12% | Derelict-Sprinter 11% | Derelict-Mutant 3% | Hacker-Sprinter 3% | Sprinter Dominant Class ---------------- Mutant | -10/Materials Mutant | -10/Mines Mutant | -9/Materials Mutant | -8/Materials Mutant | -7/Factory Mutant | -6/Factory Scavenger-Mutant | -6/Extension Scavenger-Mutant | -5/Factory Scavenger-Mutant | -5/Upper Caves Scavenger-Mutant | -5/Upper Caves Scavenger-Mutant | -4/Factory Mutant | -4/Upper Caves Derelict-Mutant | -4/Upper Caves Derelict-Mutant | -4/Zhirov Derelict-Sprinter | -3/Proximity Caves Derelict-Sprinter | -3/Research Derelict-Sprinter | -2/Research Sprinter | -1/Access Hacker-Sprinter | -1/Command Resources | -11 -10 -10 -9 -8 -7 -6 -6 -5 -5 -5 -4 -4 -4 -4 -3 -3 -2 -1 -1 ----------- Run | Yrd Mat Min Mat Mat Fac Fac Ext Fac Upp Upp Fac Upp Upp Zhi Pro Res Res Acc Com Matter Collected 1917 | 233 . 57 77 45 . 67 351 100 36 . . 135 126 . 46 200 255 176 13 Remotely . | . . . . . . . . . . . . . . . . . . . . Salvage Created 1594 | . . 100 93 45 . 66 346 83 21 . . 113 . . 32 159 319 176 41 Parts 84 | . . 6 9 2 . . 18 5 . . . 14 . . . 7 15 8 . Haulers Intercepted 1 | . . . . . . . 1 . . . . . . . . . . . . Recyclers Shooed 1 | . . . . . . . . . . . . . . . . . . 1 . Parts Field Recycled 1 | . . . . . . . . . . . . . . . . . . . 1 Retrieved Matter 24 | . . . . . . . . . . . . . . . . . . . 24 Parts Self-Destructed 13 | . . . . . . . . . . . . 11 2 . . . . . . Prevented 1 | . . . . . . . . . . . . . 1 . . . . . . Kills | -11 -10 -10 -9 -8 -7 -6 -6 -5 -5 -5 -4 -4 -4 -4 -3 -3 -2 -1 -1 ------- Run | Yrd Mat Min Mat Mat Fac Fac Ext Fac Upp Upp Fac Upp Upp Zhi Pro Res Res Acc Com Combat Hostiles Destroyed 33 | . . 5 4 3 . . 3 3 1 . . 5 . . 1 5 2 . 1 Melee 1 | . . . . . . . . . . . . . . . . . . . 1 Guns 17 | . . 1 . 3 . . 3 3 1 . . 5 . . 1 . . . . Cannons 5 | . . . . . . . . . . . . . . . . 5 . . . AOE 10 | . . 4 4 . . . . . . . . . . . . . 2 . . Classes Destroyed 14 | . . 2 1 . . 2 4 . . . . . . . . 1 3 . 1 Worker 6 | . . . . . . 1 . . . . . . . . . . 4 1 . Builder 2 | . . . . . . . . . . . . . . . . . 1 1 . Hauler 1 | . . . . . . . 1 . . . . . . . . . . . . Recycler 3 | . . . 1 . . . . . . . . . . . . . 1 1 . Mechanic 1 | . . . . . . 1 . . . . . . . . . . . . . Watcher 1 | . . . . . . . . . . . . . . . . . 1 . . Swarmer 23 | . . 3 4 3 . . . 3 1 . . 5 . . 1 3 . . . Cutter 1 | . . . . . . . . . . . . . . . . . . . 1 Grunt 3 | . . 2 . . . . . . . . . . . . . 1 . . . Duelist 1 | . . . . . . . . . . . . . . . . 1 . . . Sentry 1 | . . . . . . . 1 . . . . . . . . . . . . Hunter 1 | . . . . . . . 1 . . . . . . . . . . . . Programmer 1 | . . . . . . . . . . . . . . . . . 1 . . Behemoth 2 | . . . . . . . 1 . . . . . . . . . 1 . . Best Kill Streak 8 | . . 3 5 3 . 1 1 3 1 . . 3 . . 1 4 8 3 1 Combat Bots Only 4 | . . 3 4 3 . . 1 3 1 . . 3 . . 1 4 2 . 1 Max Kills in Single Turn 3 | . . 3 3 1 . 1 1 1 1 . . 1 . . 1 1 3 1 1 Gunslinging . | . . . . . . . . . . . . . . . . . . . . Exploded 2 | . . 2 2 . . . . . . . . . . . . . 1 . . Melee 1 | . . . . . . . . . . . . . . . . . . . 1 Uniques/NPCs Destroyed . | . . . . . . . . . . . . . . . . . . . . Combat | -11 -10 -10 -9 -8 -7 -6 -6 -5 -5 -5 -4 -4 -4 -4 -3 -3 -2 -1 -1 -------- Run | Yrd Mat Min Mat Mat Fac Fac Ext Fac Upp Upp Fac Upp Upp Zhi Pro Res Res Acc Com Hostile Shots Fired 1219 | . 39 18 53 56 111 128 53 31 54 . 182 94 6 . 64 42 65 9 214 Missed 542 | . 19 5 22 16 51 54 18 11 24 . 91 45 4 . 36 9 44 5 88 Hits 677 | . 20 13 31 40 60 74 35 20 30 . 91 49 2 . 28 33 21 4 126 Melee 15 | . . . . . . . . . . . . . . . . 1 . . 14 Projectile 662 | . 20 13 31 40 60 74 35 20 30 . 91 49 2 . 28 32 21 4 112 AOE 2 | . . . . . . . . . . . . . . . . . . . 2 Critical Strikes 27 | . . . . 1 4 1 . 1 2 . 6 . . . 1 . 1 1 9 Actively Blocked 11 | . . . . . . . . . . . . . . . . . 1 1 9 Part Disruptions 1 | . . . . . . . . . . . . . . . . . 1 . . Damage Taken 12934 | . 200 125 380 525 828 1505 457 468 487 . 1735 779 39 . 643 763 555 97 3348 Core 4156 | . 45 48 14 106 247 671 171 84 88 . 592 241 . . 96 96 40 4 1613 Absorbed by Shields 244 | . . . . . 21 30 143 . . . . . . . . . . . 50 Regen/Repaired (Parts) 129 | . . . 76 . . 16 . . . . . . . . . . 37 . . Core Remaining (%) 69 | 100 . 62 96 80 64 . . . . 82 . . . . 17 92 97 . . Volleys Fired 100 | . 1 5 3 8 . 1 21 7 4 . . 14 . . 1 17 8 9 1 Largest 2 | . 2 2 2 1 . 1 2 2 2 . . 1 . . 2 2 1 1 1 Hottest 144 | . 60 50 50 20 . 30 144 144 103 . . 94 . . 122 108 54 52 70 Shots Fired 149 | . 2 10 5 8 . 1 40 13 8 . . 14 . . 2 28 8 9 1 Gun 105 | . 2 5 3 8 . 1 40 13 8 . . 14 . . 2 3 . 6 . Cannon 26 | . . . . . . . . . . . . . . . . 25 1 . . Launcher 18 | . . 5 2 . . . . . . . . . . . . . 7 3 1 Special . | . . . . . . . . . . . . . . . . . . . . Kinetic 68 | . 1 5 3 8 . 1 . 4 4 . . 9 . . 1 25 1 6 . Thermal 63 | . 1 . . . . . 40 9 4 . . 5 . . 1 3 . . . Explosive 18 | . . 5 2 . . . . . . . . . . . . . 7 3 1 Electromagnetic . | . . . . . . . . . . . . . . . . . . . . Robot Hit Streak 7 | . . 3 . 2 . . 5 6 1 . . 3 . . 5 4 2 7 . Robot Miss Streak 6 | . 2 4 5 1 . . 4 2 6 . . 2 . . . 5 3 . . Penetration Max . | . . . . . . . . . . . . . . . . . . . . Secondary Targets 3 | . . . . . . . 1 1 . . . . . . 1 . . . . Max Gunslinging Chain 1 | . . . . . . . 1 1 . . . . . . 1 . . . . Shots Hit Robots 80 | . . 4 . 6 . 2 23 5 2 . . 9 . . 2 13 7 6 1 Core Hits 62 | . . 6 8 3 . . 8 3 1 . . 5 . . 1 8 15 4 . Critical Kills 1 | . . . . . . . . . . . . 1 . . . . . . . Critical Parts Destroyed 2 | . . . . . . 1 . . . . . . . . . . . . 1 Critical Strikes 5 | . . . . . . 1 2 . . . . 1 . . . . . . 1 Burn 2 | . . . . . . . 2 . . . . . . . . . . . . Destroy 1 | . . . . . . . . . . . . 1 . . . . . . . Smash 2 | . . . . . . 1 . . . . . . . . . . . . 1 Melee Attacks 21 | . . . . 2 . 10 . . . . . . . . . 1 5 . 3 Impact 13 | . . . . . . 10 . . . . . . . . . . . . 3 Slashing 8 | . . . . 2 . . . . . . . . . . . 1 5 . . Piercing . | . . . . . . . . . . . . . . . . . . . . Sneak Attacks 6 | . . . . 1 . 2 . . . . . . . . . . 3 . . Combat Hostiles . | . . . . . . . . . . . . . . . . . . . . Follow-up Attacks . | . . . . . . . . . . . . . . . . . . . . Damage Inflicted 3869 | . . 243 266 106 . 231 615 150 60 . . 215 . . 46 517 1180 148 92 Guns 1327 | . . 23 . 59 . . 599 150 60 . . 215 . . 46 27 . 148 . Cannons 490 | . . . . . . . . . . . . . . . . 490 . . . Explosions 1312 | . . 220 260 . . . . . . . . . . . . . 832 . . Melee 705 | . . . . 47 . 221 . . . . . . . . . . 348 . 89 Ramming 35 | . . . 6 . . 10 16 . . . . . . . . . . . 3 Kinetic 876 | . . 23 . 59 . . . 23 17 . . 98 . . 18 490 . 148 . Thermal 941 | . . . . . . . 599 127 43 . . 117 . . 28 27 . . . Explosive 1312 | . . 220 260 . . . . . . . . . . . . . 832 . . Electromagnetic . | . . . . . . . . . . . . . . . . . . . . Impact 310 | . . . . . . 221 . . . . . . . . . . . . 89 Slashing 395 | . . . . 47 . . . . . . . . . . . . 348 . . Piercing . | . . . . . . . . . . . . . . . . . . . . Highest Corruption 12 | . . . . . . 2 12 . . . . . . . 3 . 3 . 3 Average Corruption 5 | . . . . . . 1 7 . . . . . . . 2 . 2 . 2 Corruption Purged . | . . . . . . . . . . . . . . . . . . . . Corruption Blocked . | . . . . . . . . . . . . . . . . . . . . Effects 27 | . . . . . . . 20 . . . . . . . 5 . 2 . . Message Errors 8 | . . . . . . . 4 . . . . . . . 4 . . . . Matter Fused 4 | . . . . . . . 4 . . . . . . . . . . . . Heat Flow Errors 7 | . . . . . . . 5 . . . . . . . 1 . 1 . . Energy Discharges 4 | . . . . . . . 4 . . . . . . . . . . . . Data Loss (major) 2 | . . . . . . . 1 . . . . . . . . . 1 . . Weapon Failures 2 | . . . . . . . 2 . . . . . . . . . . . . Overload Shots . | . . . . . . . . . . . . . . . . . . . . Overflow Damage 485 | . . 16 20 . . 181 . . . . . . . . . 9 170 . 89 Projectiles 9 | . . . . . . . . . . . . . . . . 9 . . . Explosions 36 | . . 16 20 . . . . . . . . . . . . . . . . Melee 440 | . . . . . . 181 . . . . . . . . . . 170 . 89 Knockbacks 4 | . . . . . . . . . . . . . . . . 4 . . . Impact . | . . . . . . . . . . . . . . . . . . . . Kinetic 4 | . . . . . . . . . . . . . . . . 4 . . . Secondary . | . . . . . . . . . . . . . . . . . . . . Self-Inflicted Damage 51 | . . . . . . 5 7 . . . . . . . . . 31 7 1 Shots 2 | . . . . . . . . . . . . . . . . . 1 1 . Rammed 6 | . . . . . . 1 4 . . . . . . . . . . . 1 Targets Rammed 7 | . . . 1 . . 1 4 . . . . . . . . . . . 1 Kicked 1 | . . . 1 . . . . . . . . . . . . . . . . Crushed . | . . . . . . . . . . . . . . . . . . . . Highest Temperature 838 | . . 8 2 . 4 9 838 48 256 . 40 36 . . 295 438 395 107 574 Average Temperature 173 | . . 4 1 . 4 5 216 22 136 . 20 16 . . 106 241 126 65 263 Received Heat Transfer 2177 | . 96 39 204 252 308 489 54 54 111 . 354 30 21 . 36 21 36 . 72 Effects 51 | . . . . . . . 20 . . . . . . . . 13 4 . 14 Shutdowns 14 | . . . . . . . 3 . . . . . . . . 3 2 . 6 Energy Bleed 7 | . . . . . . . 4 . . . . . . . . . . . 3 Interference 7 | . . . . . . . . . . . . . . . . 6 . . 1 Matter Decay 6 | . . . . . . . 3 . . . . . . . . 2 1 . . Short Circuit 5 | . . . . . . . 1 . . . . . . . . 2 1 . 1 Damage (minor) 2 | . . . . . . . 2 . . . . . . . . . . . . Damage (major) 8 | . . . . . . . 6 . . . . . . . . . . . 2 Damage (core) 2 | . . . . . . . 1 . . . . . . . . . . . 1 Siege Activations . | . . . . . . . . . . . . . . . . . . . . Martial Activations . | . . . . . . . . . . . . . . . . . . . . Shielding Activations . | . . . . . . . . . . . . . . . . . . . . Robots Disrupted . | . . . . . . . . . . . . . . . . . . . . Combat Hostiles . | . . . . . . . . . . . . . . . . . . . . Robots Corrupted 1 | . . . . . . 1 . . . . . . . . . . . . . Combat Hostiles . | . . . . . . . . . . . . . . . . . . . . Parts Fried 3 | . . . . . . 2 . . . . . . . . . . . . 1 Impact Corruptions 7 | . . . . . . 5 . . . . . . . . . . . . 2 Robots Melted . | . . . . . . . . . . . . . . . . . . . . Combat Hostiles . | . . . . . . . . . . . . . . . . . . . . Parts Melted 5 | . . . . . . . 4 . . . . . . . . . 1 . . Heat Transferred 2016 | . . . . . . . 1407 287 100 . . 148 . . 37 37 . . . Parts Sabotaged . | . . . . . . . . . . . . . . . . . . . . Parts Stolen . | . . . . . . . . . . . . . . . . . . . . Parts Stripped . | . . . . . . . . . . . . . . . . . . . . Power Chain Reactions . | . . . . . . . . . . . . . . . . . . . . Alert | -11 -10 -10 -9 -8 -7 -6 -6 -5 -5 -5 -4 -4 -4 -4 -3 -3 -2 -1 -1 ------- Run | Yrd Mat Min Mat Mat Fac Fac Ext Fac Upp Upp Fac Upp Upp Zhi Pro Res Res Acc Com Maximum Alert Level 3 | . . . . . 1 . 2 1 . . . . . . . 1 2 1 3 Low Security (%) 68 | 100 100 100 100 100 59 100 46 21 . . 100 . . . . 55 67 . . Level 1 23 | . . . . . 40 . 24 78 . . . . . . . 44 28 100 50 Level 2 6 | . . . . . . . 28 . . . . . . . . . 4 . 20 Level 3 1 | . . . . . . . . . . . . . . . . . . . 29 Level 4 . | . . . . . . . . . . . . . . . . . . . . Level 5 . | . . . . . . . . . . . . . . . . . . . . High Security . | . . . . . . . . . . . . . . . . . . . . Max Security . | . . . . . . . . . . . . . . . . . . . . Peak Influence 879 | . 45 119 112 67 247 71 599 289 . . 75 . . . . 287 410 399 879 Initial 289 | . . 13 34 27 27 71 7 289 . . . . . . . 178 169 261 252 Average 145 | . 1 55 48 30 172 18 237 243 . . 4 . . . . 204 179 266 479 Influence Increases 4715 | . 45 194 226 161 350 107 898 77 80 . 79 185 75 . 425 244 554 193 822 Destroy 0b10 Robot/C 1060 | . . 100 80 60 . . 460 60 20 . . 100 . . 20 100 40 . 20 Destroy 0b10 Robot/NC 95 | . . . 5 . . 10 25 . . . . . . . . . 40 15 . Destroy Leader 166 | . . 20 10 10 . . 84 . . . . 10 . . . 10 12 . 10 Allied During Kill 255 | . . . . . . . 240 . . . . . . . . . 15 . . Successful Hack 169 | . . . 14 . . . 48 . . . 4 . . . . 3 33 10 57 Disable Machine 60 | . . 15 . . . . 15 . . . . . . . . 15 . 15 . Anti-Garrison Action 200 | . . . . . 200 . . . . . . . . . . . . . . Destroy Structure 370 | . . 29 12 1 . 7 11 2 . . . . . . . 26 159 63 60 Partial Spotted 165 | . . . . . . . . . . . 15 . . . . 45 45 15 45 Lose Combat Pursuer 2175 | . 45 30 105 90 150 90 15 15 60 . 60 75 75 . 405 45 210 75 630 Influence Decreases 4001 | . 10 140 250 166 263 239 322 512 236 . 14 155 159 11 160 207 419 236 502 Entered New Map 1185 | . . 22 55 38 33 76 8 302 58 . . 25 19 11 . 87 133 176 142 Time Decay 1930 | . 10 103 134 68 160 123 234 150 158 . 14 100 140 . 100 80 206 40 110 Lost Part 610 | . . . . 60 70 40 . 40 20 . . 30 . . 60 40 30 20 200 Lost Ally 276 | . . 15 61 . . . 80 20 . . . . . . . . 50 . 50 Squads Dispatched 36 | . 2 . 2 2 4 5 5 1 . . 2 . . . 1 1 5 1 5 Investigation 11 | . 1 . 1 1 1 2 4 . . . . . . . . . 1 . . Extermination 8 | . . . . . . 1 . . . . 1 . . . . 1 2 . 3 Reinforcement 16 | . 1 . 1 1 3 2 1 1 . . 1 . . . . . 2 1 2 Assault 1 | . . . . . . . . . . . . . . . 1 . . . . Garrison . | . . . . . . . . . . . . . . . . . . . . Intercept . | . . . . . . . . . . . . . . . . . . . . Searches Triggered . | . . . . . . . . . . . . . . . . . . . . Construction Impeded 1 | . . . . . . . . . . . . . . . . . 1 . . Haulers Reinforced . | . . . . . . . . . . . . . . . . . . . . Active Scanning Responses . | . . . . . . . . . . . . . . . . . . . . Cargo Convoy Interrupts . | . . . . . . . . . . . . . . . . . . . . Stealth | -11 -10 -10 -9 -8 -7 -6 -6 -5 -5 -5 -4 -4 -4 -4 -3 -3 -2 -1 -1 --------- Run | Yrd Mat Min Mat Mat Fac Fac Ext Fac Upp Upp Fac Upp Upp Zhi Pro Res Res Acc Com Distress Signals 14 | . 1 . 3 1 . . 1 . . . 1 . . . . . 4 . 3 Communications Jammed . | . . . . . . . . . . . . . . . . . . . . Distress Signals . | . . . . . . . . . . . . . . . . . . . . Times Spotted 365 | . 12 10 38 15 19 20 23 7 5 . 17 14 5 . 34 8 22 9 107 Peak Tracking Total 80 | . 10 3 12 7 6 11 5 4 3 . 12 8 4 . 18 5 8 7 80 Tactical Retreats 48 | . 1 1 2 2 5 3 1 1 3 . 1 2 2 . 7 2 5 1 9 Traps | -11 -10 -10 -9 -8 -7 -6 -6 -5 -5 -5 -4 -4 -4 -4 -3 -3 -2 -1 -1 ------- Run | Yrd Mat Min Mat Mat Fac Fac Ext Fac Upp Upp Fac Upp Upp Zhi Pro Res Res Acc Com Traps Triggered 8 | . . . . 1 1 2 2 1 . . . . . . . 1 . . . Indirectly . | . . . . . . . . . . . . . . . . . . . . Trap Hack Attempts . | . . . . . . . . . . . . . . . . . . . . Triggered . | . . . . . . . . . . . . . . . . . . . . Disarmed . | . . . . . . . . . . . . . . . . . . . . Reprogrammed . | . . . . . . . . . . . . . . . . . . . . Reused . | . . . . . . . . . . . . . . . . . . . . Traps Extracted . | . . . . . . . . . . . . . . . . . . . . Installed . | . . . . . . . . . . . . . . . . . . . . Triggered . | . . . . . . . . . . . . . . . . . . . . Machines | -11 -10 -10 -9 -8 -7 -6 -6 -5 -5 -5 -4 -4 -4 -4 -3 -3 -2 -1 -1 ---------- Run | Yrd Mat Min Mat Mat Fac Fac Ext Fac Upp Upp Fac Upp Upp Zhi Pro Res Res Acc Com Machines Disabled 5 | . . 1 . . . . 2 . . . . . . . . 1 . 1 . Max in Single Turn 1 | . . . . . . . . . . . . . . . . 1 . 1 . Garrison Access 1 | . . . . . 1 . . . . . . . . . . . . . . Machines Repaired . | . . . . . . . . . . . . . . . . . . . . Machines Dismantled . | . . . . . . . . . . . . . . . . . . . . Machines Sabotaged . | . . . . . . . . . . . . . . . . . . . . Overloaded Fab Kills . | . . . . . . . . . . . . . . . . . . . . Hacking | -11 -10 -10 -9 -8 -7 -6 -6 -5 -5 -5 -4 -4 -4 -4 -3 -3 -2 -1 -1 --------- Run | Yrd Mat Min Mat Mat Fac Fac Ext Fac Upp Upp Fac Upp Upp Zhi Pro Res Res Acc Com Machines Accessed 51 | . 2 1 4 . 1 2 12 1 1 . 2 1 1 9 . 1 4 4 5 Terminals 31 | . 2 . 3 . . 1 12 1 . . 1 . 1 . . 1 2 3 4 Fabricators 2 | . . . . . . . . . . . 1 . . . . . 1 . . Repair Stations 4 | . . . 1 . . 1 . . . . . . . . . . 1 1 . Recycling Units 1 | . . . . . . . . . . . . . . . . . . . 1 Scanalyzers . | . . . . . . . . . . . . . . . . . . . . Garrison Access 1 | . . . . . 1 . . . . . . . . . . . . . . Total Hacks 165 | . 9 1 15 . 2 5 42 5 1 . 3 1 6 48 . 4 7 6 10 Successful 112 | . 4 1 12 . 1 2 19 3 1 . 1 1 6 48 . 1 4 3 5 Failed 53 | . 5 . 3 . 1 3 23 2 . . 2 . . . . 3 3 3 5 Catastrophic 7 | . 1 . . . . 1 3 . . . 1 . . . . . . . 1 Database Lockouts . | . . . . . . . . . . . . . . . . . . . . Manual 78 | . 9 . 12 . 2 5 22 5 . . 3 . . . . 4 7 1 8 Terminals 100 | . 9 . 11 . . 4 42 5 . . 1 . 6 . . 4 4 5 9 Fabricators 4 | . . . . . . . . . . . 2 . . . . . 2 . . Repair Stations 7 | . . . 4 . . 1 . . . . . . . . . . 1 1 . Recycling Units 1 | . . . . . . . . . . . . . . . . . . . 1 Scanalyzers . | . . . . . . . . . . . . . . . . . . . . Garrison Access 2 | . . . . . 2 . . . . . . . . . . . . . . Terminal Hacks 71 | . . 1 3 . . . 7 . 1 . . 1 6 48 . . . 3 1 Record 44 | . . . 1 . . . 1 . . . . . 6 36 . . . . . Part Schematic 4 | . . . . . . . . . . . . . . 4 . . . . . Robot Analysis 4 | . . . . . . . . . . . . . . 4 . . . . . Prototype ID Bank 4 | . . . . . . . . . . . . . . 4 . . . . . Open Door 11 | . . 1 . . . . 5 . 1 . . 1 . . . . . 3 . Emergency Access Points 1 | . . . 1 . . . . . . . . . . . . . . . . Terminal Index 1 | . . . 1 . . . . . . . . . . . . . . . . Recall Reinforcements 1 | . . . . . . . 1 . . . . . . . . . . . . Disengage Seal 1 | . . . . . . . . . . . . . . . . . . . 1 Fabricator Hacks . | . . . . . . . . . . . . . . . . . . . . Repair Station Hacks 2 | . . . 2 . . . . . . . . . . . . . . . . Scan Component 1 | . . . 1 . . . . . . . . . . . . . . . . Repair 1 | . . . 1 . . . . . . . . . . . . . . . . Recycling Unit Hacks . | . . . . . . . . . . . . . . . . . . . . Scanalyzer . | . . . . . . . . . . . . . . . . . . . . Garrison Access Hacks . | . . . . . . . . . . . . . . . . . . . . Unauthorized Hacks 39 | . 4 . 7 . 1 2 12 3 . . 1 . . . . 1 4 . 4 Terminals 31 | . 4 . 5 . . 1 12 3 . . . . . . . 1 2 . 3 Track 8 | . 1 . 1 . . . 5 1 . . . . . . . . . . . Assimilate 6 | . 1 . 1 . . 1 1 . . . . . . . . . 1 . 1 Botnet 14 | . 2 . 2 . . . 5 1 . . . . . . . 1 1 . 2 Operators 3 | . . . 1 . . . 1 1 . . . . . . . . . . . Fabricators 2 | . . . . . . . . . . . 1 . . . . . 1 . . Report 1 | . . . . . . . . . . . 1 . . . . . . . . Liberate 1 | . . . . . . . . . . . . . . . . . 1 . . Repair Stations 4 | . . . 2 . . 1 . . . . . . . . . . 1 . . Mechanics 1 | . . . 1 . . . . . . . . . . . . . . . . Patch 3 | . . . 1 . . 1 . . . . . . . . . . 1 . . Recycling Units 1 | . . . . . . . . . . . . . . . . . . . 1 Mask 1 | . . . . . . . . . . . . . . . . . . . 1 Scanalyzers . | . . . . . . . . . . . . . . . . . . . . Garrison Access 1 | . . . . . 1 . . . . . . . . . . . . . . Jam 1 | . . . . . 1 . . . . . . . . . . . . . . Data Cores Recovered . | . . . . . . . . . . . . . . . . . . . . Used . | . . . . . . . . . . . . . . . . . . . . Hacking Detections 29 | . 2 . 3 . . 1 10 1 . . 2 . . . . 1 3 2 4 Full Trace Events 5 | . . . . . . 1 4 . . . . . . . . . . . . Feedback Events 1 | . . . . . . 1 . . . . . . . . . . . . . Corruption 1 | . . . . . . 1 . . . . . . . . . . . . . Feedback Blocked . | . . . . . . . . . . . . . . . . . . . . Robot Schematics Acquired . | . . . . . . . . . . . . . . . . . . . . Robots Built . | . . . . . . . . . . . . . . . . . . . . Authchips . | . . . . . . . . . . . . . . . . . . . . Time . | . . . . . . . . . . . . . . . . . . . . Total Robot Build Rating . | . . . . . . . . . . . . . . . . . . . . Part Schematics Acquired 4 | . . . . . . . . . . . . . . 4 . . . . . Parts Built . | . . . . . . . . . . . . . . . . . . . . Authchips . | . . . . . . . . . . . . . . . . . . . . Time . | . . . . . . . . . . . . . . . . . . . . Total Part Build Rating . | . . . . . . . . . . . . . . . . . . . . Parts Repaired 1 | . . . 1 . . . . . . . . . . . . . . . . Time 26 | . . . 26 . . . . . . . . . . . . . . . . Parts Recycled . | . . . . . . . . . . . . . . . . . . . . Recycled Matter . | . . . . . . . . . . . . . . . . . . . . Retrieved Matter . | . . . . . . . . . . . . . . . . . . . . Retrieved Components . | . . . . . . . . . . . . . . . . . . . . Parts Scanalyzed . | . . . . . . . . . . . . . . . . . . . . Part Schematics Acquired . | . . . . . . . . . . . . . . . . . . . . Parts Damaged . | . . . . . . . . . . . . . . . . . . . . Bothacking | -11 -10 -10 -9 -8 -7 -6 -6 -5 -5 -5 -4 -4 -4 -4 -3 -3 -2 -1 -1 ------------ Run | Yrd Mat Min Mat Mat Fac Fac Ext Fac Upp Upp Fac Upp Upp Zhi Pro Res Res Acc Com Used RIF Installer . | . . . . . . . . . . . . . . . . . . . . Robots Hacked . | . . . . . . . . . . . . . . . . . . . . Non-combat . | . . . . . . . . . . . . . . . . . . . . Combat . | . . . . . . . . . . . . . . . . . . . . Robot Hacks Applied . | . . . . . . . . . . . . . . . . . . . . Relay Couplers Released . | . . . . . . . . . . . . . . . . . . . . Fabnet Peak Effective % . | . . . . . . . . . . . . . . . . . . . . Robots Rewired . | . . . . . . . . . . . . . . . . . . . . Allies Hacked . | . . . . . . . . . . . . . . . . . . . . Hacks Repelled . | . . . . . . . . . . . . . . . . . . . . Allies | -11 -10 -10 -9 -8 -7 -6 -6 -5 -5 -5 -4 -4 -4 -4 -3 -3 -2 -1 -1 -------- Run | Yrd Mat Min Mat Mat Fac Fac Ext Fac Upp Upp Fac Upp Upp Zhi Pro Res Res Acc Com Total Allies 13 | . 1 1 . . . . 6 . . . . . . . . . 4 . 1 Largest Group 6 | . 1 1 . . . . 6 1 . . . . . . . . 3 . . Highest-Rated Group 311 | . 10 31 . . . . 311 31 . . . . . . . . 174 . . Highest-Rated Ally 159 | . 10 31 . . . . 159 31 . . . . . . . . 58 . . Total Orders 3 | . . . . . . . . . . . . . . . . . . . 3 EXPLORE 3 | . . . . . . . . . . . . . . . . . . . 3 Ally Attacks 150 | . . 6 . . . . 123 1 . . . . . . . . 20 . . Total Damage 3820 | . . 104 . . . . 3185 20 . . . . . . . . 511 . . Kills 25 | . . . . . . . 24 . . . . . . . . . 1 . . Allies Corrupted 1 | . . . . . . . . . . . . . . . . . 1 . . Allies Melted . | . . . . . . . . . . . . . . . . . . . . Intel | -11 -10 -10 -9 -8 -7 -6 -6 -5 -5 -5 -4 -4 -4 -4 -3 -3 -2 -1 -1 ------- Run | Yrd Mat Min Mat Mat Fac Fac Ext Fac Upp Upp Fac Upp Upp Zhi Pro Res Res Acc Com Active Infowar (turns) 2713 | . . . . . . 13 1 70 528 100 313 210 287 210 221 137 424 85 114 Sensors 936 | . . . . . . 13 . 70 528 100 221 . . . . . 4 . . IFF 106 | . . . . . . . . . . . 106 . . . . . . . . Terrain 736 | . . . . . . . . . . . . . 224 210 221 81 . . . Decoding 2164 | . . . . . . . . . 63 100 313 210 287 210 221 137 424 85 114 ECM 1 | . . . . . . . 1 . . . . . . . . . . . . Robot Analysis Total 4 | . . . . . . . . . . . . . . 4 . . . . . Derelict Logs Recovered 7 | . . 3 . . . . . . 1 . . 2 1 . . . . . . Drone Launches 25 | . . . 16 . . . . . . . 4 . . . . . . . 5 Drone Recoveries 3 | . . . . . . . . . . . 2 . . . . . . . 1 Decoded 0b10 Intel 43 | . . . . . . . . . . . 19 . . . . 6 12 2 4 Traps 4 | . . . . . . . . . . . 1 . . . . 1 2 . . Emergency Access 8 | . . . . . . . . . . . 1 . . . . 2 4 . 1 Items 24 | . . . . . . . . . . . 14 . . . . 3 3 2 2 Machines 5 | . . . . . . . . . . . 3 . . . . . 2 . . Patrols 1 | . . . . . . . . . . . . . . . . . . . 1 Guards 1 | . . . . . . . . . . . . . . . . . 1 . . Exploration | -11 -10 -10 -9 -8 -7 -6 -6 -5 -5 -5 -4 -4 -4 -4 -3 -3 -2 -1 -1 ------------- Run | Yrd Mat Min Mat Mat Fac Fac Ext Fac Upp Upp Fac Upp Upp Zhi Pro Res Res Acc Com Turns Passed 5397 | 46 142 250 333 165 321 464 583 306 528 100 313 210 287 210 221 179 424 85 230 Spaces Moved 7094 | 37 115 165 166 122 390 481 565 208 424 84 288 325 354 199 831 319 863 296 862 Core 776 | 10 . . . 14 8 339 332 . . . . 50 . . . . . . 23 Treads . | . . . . . . . . . . . . . . . . . . . . Legs 2000 | 27 115 165 166 108 146 142 233 208 424 84 182 . . . . . . . . Wheels 451 | . . . . . . . . . . . . . 224 199 28 . . . . Hover . | . . . . . . . . . . . . . . . . . . . . Flight 3867 | . . . . . 236 . . . . . 106 275 130 . 803 319 863 296 839 Fastest Speed 5 | 50 120 120 120 50 40 50 50 120 120 120 34 45 45 93 7 12 5 5 5 Average Speed 61 | 103 120 142 173 111 74 71 78 120 120 120 98 48 75 93 24 28 20 20 20 Slowest Speed 250 | 120 120 190 190 120 120 250 120 120 120 120 120 70 93 93 112 110 25 21 81 Overloaded Moves 447 | . . . . . . . . . . . . . . . 239 16 90 9 93 Propulsion Burnouts 1 | . . . . . . . . . . . . . . . 1 . . . . Robots Hopped 48 | . . . . . 2 . . . . . 1 . 4 . 7 1 5 2 26 Potential Cave-ins 3 | . . . . . . . . . . . . . . . . . 3 . . Cave-ins Triggered . | . . . . . . . . . . . . . . . . . . . . Teleports 1 | . . . . . . . . . . . . . . 1 . . . . . Exploration Rate (%) 34 | 3 40 51 48 17 17 12 55 8 66 15 9 51 59 62 93 12 34 9 35 Regions Visited 19 Branch Regions 9 Pre-discovered Areas 6 | . . 1 . . . . . . . . . . 2 3 . . . . . Known Exits Taken 6 | . . . 1 . . . . . . . . 1 1 1 1 1 . . . Unknown Exits Taken 13 | 1 1 1 . 1 1 1 1 1 1 1 1 . . . . . 1 1 . Scrap Searched 6 | . . . . . . . . . 1 . . 1 3 . 1 . . . . Spaces Dug 58 | . . . . 1 . 7 . . . . . . . . . 1 16 . 33 Terrain Destroyed 195 | . . 38 14 1 . 7 . . . . . 1 . . . 12 68 21 33 Melee 11 | . . . . 1 . 7 . . . . . . . . . 1 1 . 1 Projectile 13 | . . . . . . . . . . . . 1 . . . 11 1 . . AOE 171 | . . 38 14 . . . . . . . . . . . . . 66 21 32 Terrain Rammed . | . . . . . . . . . . . . . . . . . . . . Walls Destroyed . | . . . . . . . . . . . . . . . . . . . . Machines Disabled . | . . . . . . . . . . . . . . . . . . . . Actions | -11 -10 -10 -9 -8 -7 -6 -6 -5 -5 -5 -4 -4 -4 -4 -3 -3 -2 -1 -1 --------- Run | Yrd Mat Min Mat Mat Fac Fac Ext Fac Upp Upp Fac Upp Upp Zhi Pro Res Res Acc Com Total 7847 | 42 116 171 203 136 418 579 654 251 434 83 314 359 365 224 835 377 1093 307 886 Wait 399 | . . . 26 1 . 67 29 28 . . 21 10 . . 4 8 184 . 21 Move 6987 | 36 114 164 165 121 386 480 564 207 423 83 285 324 347 198 818 316 853 291 812 Hop 40 | . . . . . 1 . . . . . 1 . 2 . 5 1 4 2 24 Pick Up 42 | 1 . 1 1 1 4 . 4 2 . . 1 1 2 4 . 5 11 . 4 Fast Attach 92 | 5 . 1 3 1 6 6 13 2 2 . 5 7 9 5 2 10 5 1 9 Attach 32 | . . . 1 . 5 3 1 1 3 . 1 2 . . 1 5 4 3 2 Detach 8 | . . . . . 1 . . . . . . 1 . . 1 4 . . 1 Swap 28 | . 1 . 2 2 . . 5 2 1 . . . 3 4 2 2 3 1 . Drop 52 | . . . 1 . . 1 3 2 1 . . . 2 9 1 8 16 . 8 Fire 100 | . 1 5 3 8 . 1 21 7 4 . . 14 . . 1 17 8 9 1 Melee 21 | . . . . 2 . 10 . . . . . . . . . 1 5 . 3 Ram 6 | . . . . . . 1 4 . . . . . . . . . . . 1 Kick 1 | . . . 1 . . . . . . . . . . . . . . . . Crush . | . . . . . . . . . . . . . . . . . . . . Escape Stasis 35 | . . . . . 15 10 10 . . . . . . . . . . . . Rewire 4 | . . . . . . . . . . . . . . 4 . . . . . Trap . | . . . . . . . . . . . . . . . . . . . . Miscellaneous . | . . . . . . . . . . . . . . . . . . . . Route ------- -11/Scrapyard -10/Materials -10/Mines -9/Materials -8/Materials -7/Factory -6/Factory -6/Extension -5/Factory -5/Upper Caves -5/Upper Caves -4/Factory (discovered 3 exits: Res x2 / *Upp) -4/Upper Caves -4/Upper Caves -4/Zhirov -3/Proximity Caves -3/Research (discovered 3 exits: *Res x2 / Qua) -2/Research -1/Access -1/Command History --------- Turn | Location | Event 5 | -11/Scrapyard | Discovered new exit (range 16) 47 | -11/Scrapyard | Entered Materials 183 | -10/Materials | Discovered new exit (range 6) 189 | -10/Materials | Entered Mines 192 | -10/Mines | Received a Mining Laser from a helpful Derelict 207 | -10/Mines | Learned 2 Materials zone layouts 302 | -10/Mines | Build established: Mutant 330 | -10/Mines | Found the Drone Emporium 335 | -10/Mines | Found Prototype Device 335 | -10/Mines | Identified Decoy Drone Bay 432 | -10/Mines | Discovered new exit (range 5) 434 | -10/Mines | Learned Materials stockpile data 439 | -10/Mines | Entered Materials 439 | -9/Materials | Evolved 2 slots: Propulsion x2 440 | -9/Materials | Identified exit to Materials 623 | -9/Materials | Repaired Grenade Launcher 772 | -9/Materials | Entered another Materials area 772 | -8/Materials | Evolved 2 slots: Power x1, Utility x1 904 | -8/Materials | Lost 3 parts (2n1w) 936 | -8/Materials | Discovered new exit (range 4) 937 | -8/Materials | Entered Factory 937 | -7/Factory | Evolved 2 slots: Propulsion x2 1111 | -7/Factory | Lost 5 parts (3n2w) 1246 | -7/Factory | Discovered new exit (range 13) 1258 | -7/Factory | Entered another Factory area 1258 | -6/Factory | Evolved 2 slots: Utility x2 1621 | -6/Factory | Lost 4 parts (1p1n2u) 1693 | -6/Factory | Core integrity fell below 50% 1715 | -6/Factory | Discovered new exit (range 15) 1722 | -6/Factory | Entered Extension 1744 | -6/Extension | Lost 5 parts (1n3u1w) 1780 | -6/Extension | Spotted B-75 Beast 1836 | -6/Extension | Rescued A7 1836 | -6/Extension | Core integrity fell below 20% 1854 | -6/Extension | Rescued a captive Derelict 1858 | -6/Extension | Rescued a captive Derelict 1925 | -6/Extension | Rescued a captive Derelict 1974 | -6/Extension | Rescued a captive Derelict 1975 | -6/Extension | Rescued a captive Derelict 2014 | -6/Extension | System corruption reached 10% 2124 | -6/Extension | Spotted B-75 Beast 2142 | -6/Extension | Destroyed B-75 Beast 2146 | -6/Extension | Allies destroyed B-75 Beast 2178 | -6/Extension | Discovered new exit (range 3) 2301 | -6/Extension | Build established: Scavenger-Mutant 2305 | -6/Extension | Entered Factory 2305 | -5/Factory | Accompanied by 2 allies (A7) 2305 | -5/Factory | Evolved 2 slots: Propulsion x1, Utility x1 2595 | -5/Factory | Discovered new exit (range 15) 2611 | -5/Factory | Entered Upper Caves 2647 | -5/Upper Caves | Attracted the attention of an 0b10 checkpoint 2691 | -5/Upper Caves | Spotted B-75 Beast 2806 | -5/Upper Caves | Learned location of 2 exits from Factory 2972 | -5/Upper Caves | Discovered new exit (range 14) 3139 | -5/Upper Caves | Entered another Upper Caves area 3225 | -5/Upper Caves | Discovered new exit (range 13) 3239 | -5/Upper Caves | Entered Factory 3239 | -4/Factory | Evolved 2 slots: Utility x2 3240 | -4/Factory | Identified exit to Research 3526 | -4/Factory | Lost 16 parts (1p7n6u2w) 3532 | -4/Factory | Discovered new exit (range 11) 3552 | -4/Factory | Core integrity fell below 50% 3552 | -4/Factory | Entered Upper Caves 3562 | -4/Upper Caves | Learned 12 Research zone layouts 3606 | -4/Upper Caves | Identified exit to Upper Caves 3644 | -4/Upper Caves | Lost 3 parts (2n1w) 3762 | -4/Upper Caves | Entered another Upper Caves area 3792 | -4/Upper Caves | Learned Armory terminal intel 3792 | -4/Upper Caves | Learned Extension security intel 3792 | -4/Upper Caves | Learned 8 Research zone layouts 3792 | -4/Upper Caves | Learned location of Armory (-3) 3820 | -4/Upper Caves | Found DCF Scrap (10 items) 3866 | -4/Upper Caves | Learned location of 1 exit from Research 4024 | -4/Upper Caves | Build established: Derelict-Mutant 4032 | -4/Upper Caves | Discovered new exit (range 15) 4047 | -4/Upper Caves | Identified exit to Zhirov 4049 | -4/Upper Caves | Entered Zhirov 4049 | -4/Zhirov | Discovered new exit (range 3) 4051 | -4/Zhirov | Identified exit to Proximity Caves 4066 | -4/Zhirov | Met Zhirov 4083 | -4/Zhirov | Learned location of Quarantine (-3) 4083 | -4/Zhirov | Learned location of Testing (-2) 4083 | -4/Zhirov | Learned location of Command (-1) 4102 | -4/Zhirov | Zhirov requested help retrieving the SGEMP Prototype 4116 | -4/Zhirov | Found Alien Artifact 4116 | -4/Zhirov | Identified Transdimensional Reconstructor 4116 | -4/Zhirov | Warped through subspace 4222 | -4/Zhirov | Found Alien Artifact 4222 | -4/Zhirov | Identified Integrated Reactor 4222 | -4/Zhirov | Installed Integrated Reactor, increased core energy generation (+10) 4259 | -4/Zhirov | Entered Proximity Caves 4276 | -3/Proximity Caves | Attracted the attention of an 0b10 outpost 4301 | -3/Proximity Caves | Core integrity fell below 20% 4475 | -3/Proximity Caves | Attracted the attention of an 0b10 checkpoint 4479 | -3/Proximity Caves | Discovered exit to Research (range 6) 4480 | -3/Proximity Caves | Entered Research 4480 | -3/Research | Evolved 2 slots: Propulsion x1, Utility x1 4481 | -3/Research | Identified exit to Research 4482 | -3/Research | Identified exit to Quarantine 4510 | -3/Research | Lost 4 parts (3n1w) 4600 | -3/Research | Lost 4 parts (1p1n2u) 4659 | -3/Research | Entered another Research area 4659 | -2/Research | Evolved 2 slots: Propulsion x1, Utility x1 4916 | -2/Research | Build established: Derelict-Sprinter 4926 | -2/Research | Found Fusion Bomb Launcher 4927 | -2/Research | Found Fusion Bomb Launcher 4929 | -2/Research | Spotted B-90 Cyclops 4942 | -2/Research | Found Fusion Bomb Launcher 4946 | -2/Research | Destroyed B-90 Cyclops 5023 | -2/Research | Spotted B-90 Cyclops 5074 | -2/Research | Discovered new exit (range 12) 5083 | -2/Research | Entered Access 5083 | -1/Access | Evolved 2 slots: Propulsion x2 5155 | -1/Access | Discovered new exit (range 7) 5167 | -1/Access | Spotted B-99 Colossus 5167 | -1/Access | Spotted B-99 Colossus 5168 | -1/Access | Entered Command 5264 | -1/Command | Disengaged cave seal 5286 | -1/Command | Found Prototype Launcher 5286 | -1/Command | Identified Ragnarok Missile Launcher 5380 | -1/Command | Lost 4 allies 5387 | -1/Command | Core integrity fell below 50% 5392 | -1/Command | Core integrity fell below 20% 5398 | -1/Command | Destroyed by S-43 Plague with Heavy Machine Gun Last Messages --------------- Imp. Reaction Control System destroyed. Cld. Nuclear Pulse Thruster destroyed. Imp. Q-thruster destroyed. Cld. Q-thruster destroyed. C-57 Dissector destroyed. P-80 Master resets C-57 Dissector, system corruption cleaned. Cld. Q-thruster destroyed. Dropped Exp. Power Amplifier. Thunder Hammer destroyed. Cld. Nuclear Pulse Thruster destroyed. Slammed into S-43 Plague. P-80 Master resets P-80 Master, system corruption cleaned. C-57 Dissector destroyed. Mak. Terrain Scan Processor destroyed. Broken Electron Diverter destroyed. C-57 Dissector destroyed. Graphene Brace destroyed. Hacking Suite destroyed. Map ----- +----------------------------------------------------+ | #?# #?????# #?# # #????????? | | #?# #?????# #?# + #=???????? | | #?# #?????# #?# # "" "" #????????? | | /###++######## #### # """" """" #????????? | | + + # """" """" #????????? | | + # "" "" #????????? | | % ! + # #????????? | | = !%+ # #????????? | | "###++######## ### ! ##############+#####????????? | | #?# #?????# ## %/ ########????# #????????????? | | #?# #?????# ## #????#%#????????????? | | #?# #?????# ## #?#### ##???????????? | | #?# #?????##### # # ! ###" #######+##### | | #?# #?????????## # ! " H | | #?# #??????????## # !!! ###" | | #?# #???????????# #####+###### ############# | | ? ???????????# ## ## ##???????????? | | ? ???????????# ## ## %##########???? | | ? ???????????#s ## ## # #???? | | ? ???????????#ss## ## # #???? | | # ???????????# s####s##+##### # #???? | | ? ????????????# scc =%# #???? | | ##????????????????# s %+ #???? | | ??????????????????# = ## #???? | | ??????????????????# ! ## ##### | | ??????????????????# @ ## + | | ??????????????????# ## ##### | | ??????????????????# s ###########???? | | ????????????????###+######ss #?????????????? | | ????????????????# ## s #?????????????? | | ????????????????# ## s #?????????????? | | ????????????????# ## #?????????????? | | ????????????????# ## #?????????????? | | ????????????????# ! ## ????????????? | | ????????????????# ## #######???????????? | | ????????????????# ## #?????????????????? | | ????????????????########## +?????????????????? | | ?????????????????????????# #?????????????????? | | ?????????????????????????# #?????????????????? | | ?????????????????????????# #?????????????????? | | ?????????????????????????? #?????????????????? | | ?????????????????????????? #?????????????????? | | ?????????????????????????? #?????????????????? | | ?????????????????????????? +?????????????????? | | ?????????????????????????? #?????????????????? | | ?????????????????????????? #?????????????????? | | ?????????????????????????? ??????????????????? | | ?????????????????????????? ????????????????????? | | ?????????????????????????????????????????????????? | | ?????????????????????????????????????????????????? | +----------------------------------------------------+ Best States ------------- Heat Dissipation 67 Energy Generation 65 Energy Capacity 525 Matter Stores 300 Matter Capacity 300 Sight Range 16 Robot Scan Range 16 Terrain Scan Range 20 Terrain Scan Density 335 Power Amplification 40 Armor Coverage 600 Evasion (%) 78 Melee Accuracy 14 Armor Integrity Analysis 40 Offensive Hacking 24 Defensive Hacking 20 Item Schematics ----------------- Assault Drone Bay | -4/Zhirov | Free Exp. Heat Sink | -4/Zhirov | Free Exp. Optical Array | -4/Zhirov | Free Imp. Arc Thrower | -4/Zhirov | Free Robot Schematics ------------------ None Fabricated ------------ Nothing Repaired ---------- Grenade Launcher | 10% | -9/Materials Alien Tech Used ----------------- Transdimensional Reconstructor Integrated Reactor Achievements -------------- Prison Break Release The Drones! Supersonic Whoosh! Challenges ------------ None Game ------ Seed SmartHypercooledBeamcaster Manual? 0 Play Time 02:04:43 Cumulative 30.8 hours Start 2025.09.24 @ 14:58:45 End 2025.09.24 @ 19:14:43 Sessions 4 Manual Loads 0 Difficulty Rogue Special Mode None Game No. 32 Rogue 32 Adventurer 0 Explorer 0 Win Type - Total 0 Types 0/0/0/0/0/0/0/0/0/0 Lore% 33 Gallery% 33 Achievement% 35 Wizard Run 0 Options --------- Layout 1 ASCII 0 Keyboard 0 Movement Numpad Keybinds 0 Fullscreen 1 Font 32/SmallcapsGlow Map View 50x35 Zoom Use 0% Tactical HUD 0 Map Filters NONE Filters NONE Steam 1 RUN: 31116b72-2d69-4058-abaf-a4aa45551d0f